 Dungeon Crawl Stone Soup version 0.31-a0-521-gc7390f8997 (webtiles) character file.

Game seed: 2442892463615186435

156021 Midn8 the Markself (level 17, -6/109 HPs)
             Began as a Deep Elf Hexslinger on Aug 10, 2023.
             Was the Champion of Okawaru.
             Mangled by a vampire knight
             ... wielding a +1 dire flail of protection
              (14 damage)
             ... on level 4 of the Swamp.
             The game lasted 02:05:43 (31651 turns).

Midn8 the Markself (Deep Elf Hexslinger)           Turns: 31651, Time: 02:05:44

Health: -6/109     AC: 20    Str:  9    XL:     17   Next: 9%
Magic:  10/31      EV: 28    Int: 23    God:    Okawaru [******]
Gold:   1932       SH:  0    Dex: 31    Spells: 13/32 levels left

rFire   . . .        O - +2 longbow (drain)
rCold   . . .        (shield currently unavailable)
rNeg    . . .        A - +3 troll leather armour
rPois   +            X - +2 helmet of Voerhuoh {Dex+4}
rElec   .            R - +2 cloak "Mefeypob" {Str+2}
rCorr   .            D - +2 pair of gloves
SInv    .            J - +2 pair of boots
Will    +....        l - amulet of faith
Stlth   +++          U - +6 ring of dexterity
HPRegen 1.18/turn    C - ring of poison resistance
MPRegen 0.22/turn

%: faith
@: no status effects
A: thin skeletal structure 1
a: Renounce Religion, Heroism, Finesse, Duel


You were on level 4 of the Swamp.
You worshipped Okawaru.
Okawaru was exalted by your worship.
You visited 4 branches of the dungeon, and saw 26 of its levels.
You also visited: Bailey, Gauntlet and Ice Cave.

You collected 2580 gold pieces.
You spent 648 gold pieces at shops.

Inventory:

Hand Weapons
 a - a +1 antimagic longbow
 O - a +2 longbow of draining (weapon)
Missiles
 H - 8 throwing nets
 N - 28 boomerangs
Armour
 b - +0 swamp dragon scales
 A - a +3 troll leather armour (worn)
 D - a +2 pair of gloves (worn)
 J - a +2 pair of boots (worn)
 R - the +2 cloak "Mefeypob" (worn) {Str+2}
   (Okawaru gifted it to you on level 1 of the Swamp)

   Str+2:     It affects your strength (+2).
 X - the +2 helmet of Voerhuoh (worn) {Dex+4}
   (Okawaru gifted it to you on level 13 of the Dungeon)

   Dex+4:     It affects your dexterity (+4).
Jewellery
 f - an amulet of guardian spirit
 l - an amulet of faith (around neck)
 u - the ring "Jeumpa" {rC+ rCorr Str-3 Int+6 Dex+4}
   (You found it in an ice cave)

   [ring of intelligence]

   Str-3:     It affects your strength (-3).
   Int+6:     It affects your intelligence (+6).
   Dex+4:     It affects your dexterity (+4).
   rC+:       It protects you from cold.
   rCorr:     It protects you from acid and corrosion.
 C - a ring of poison resistance (right hand)
 G - a ring of protection from fire
 U - a +6 ring of dexterity (left hand)
 V - a +4 ring of protection
 W - a +5 ring of evasion
 Y - a ring of positive energy
Wands
 c - a wand of polymorph (9)
 r - a wand of mindburst (33)
 t - a wand of digging (16)
 w - a wand of light (3)
 B - a wand of roots (43)
 M - a wand of flame (66)
 P - a wand of paralysis (16)
Scrolls
 d - 4 scrolls of identify
 g - 4 scrolls of revelation
 h - 4 scrolls of fog
 i - 3 scrolls of immolation
 j - 4 scrolls of vulnerability
 k - 4 scrolls of enchant weapon
 p - a scroll of silence
 q - 6 scrolls of teleportation
 s - 6 scrolls of poison
 y - 3 scrolls of blinking
 E - a scroll of brand weapon
 I - 2 scrolls of amnesia
 Q - 3 scrolls of enchant armour
 S - a scroll of fear
Potions
 e - a potion of invisibility
 m - 9 potions of curing
 n - a potion of ambrosia
 o - 2 potions of heal wounds
 v - 8 potions of haste
 x - 3 potions of resistance
 z - 5 potions of cancellation
 F - 4 potions of might
 K - 5 potions of brilliance
 L - 3 potions of mutation
 T - a potion of magic
 Z - 4 potions of berserk rage


   Skills:
 + Level 13.3 Fighting
 - Level 20.0 Ranged Weapons
 - Level 6.5 Armour
 - Level 15.0 Dodging
 - Level 8.0 Spellcasting
 - Level 8.0 Hexes
 - Level 10.0 Necromancy
 - Level 3.0 Fire Magic
 - Level 4.0 Air Magic
 - Level 8.0 Earth Magic
 - Level 10.0 Invocations
 - Level 6.0 Evocations


You had 13 spell levels left.
You knew the following spells:

 Your Spells              Type           Power      Damage    Failure   Level
a - Slow                  Hex            100%       N/A       1%          1
b - Borgnjor's Vile Clut  Necr/Erth      25%        N/A       6%          5
e - Cause Fear            Hex            23%        N/A       3%          4
f - Inner Flame           Hex/Fire       34%        N/A       2%          3
r - Portal Projectile     Hex/Tloc       54%        N/A       5%          3
S - Swiftness             Air            27%        N/A       5%          3

Your spell library contained the following spells:

 Spells                   Type           Power      Damage    Failure   Level
 Cigotuvi's Dreadful Rot  Necr/Pois/Air  60%        N/A       1%          2
 Ensorcelled Hibernation  Hex/Ice        54%        N/A       2%          2
 Passwall                 Tmut/Erth      22%        N/A       2%          2
 Anguish                  Hex/Necr       25%        N/A       2%          4
 Foxfire                  Conj/Fire      64%        2x1d7     4%          1
 Agony                    Necr           53%        N/A       4%          5
 Dazzling Flash           Conj/Hex       54%        N/A       5%          3
 Poisonous Vapours        Pois/Air       36%        N/A       6%          2
 Static Discharge         Conj/Air       36%        2-4/arc   6%          2
 Apportation              Tloc           18%        N/A       9%          1
 Sting                    Tmut/Pois      36%        1d4       9%          1
 Vhi's Electric Charge    Tloc/Air       36%        N/A       12%         3
 Wereblood                Tmut           9%         N/A       14%         2
 Airstrike                Air            13%        2d(2-18)  17%         4
 Silence                  Hex/Air        18%        N/A       22%         5
 Hailstorm                Conj/Ice       9%         3d4       26%         3
 Ozocubu's Armour         Ice            9%         N/A       26%         3
 Olgreb's Toxic Radiance  Pois           9%         N/A       65%         4
 Arcjolt                  Conj/Air       9%         1d19      73%         5
 Fireball                 Conj/Fire      8%         3d6       80%         5
 Alistair's Intoxication  Tmut/Pois      6%         N/A       94%         5
 Irradiate                Conj/Tmut      4%         3d13      94%         5
 Iskenderun's Battlesphe  Conj           9%         2d6       94%         5
 Plasma Beam              Fire/Air       12%        2x1d23    97%         6
 Conjure Ball Lightning   Conj/Air       9%         3x3d6     99%         6
 Eringya's Noxious Bog    Tmut/Pois      4%         4d6       100%        6
 Starburst                Conj/Fire      8%         6d4       100%        6
 Orb of Destruction       Conj           4%         9d5       100%        7
 Ozocubu's Refrigeration  Ice            4%         4d8       100%        7
 Lehudib's Crystal Spear  Conj/Erth      13%        10d5      100%        8
 Summon Lightning Spire   Summ/Air       Unusable   N/A       N/A         4
 Summon Ice Beast         Ice/Summ       Unusable   N/A       N/A         4
 Simulacrum               Ice/Necr       Unusable   N/A       N/A         6
 Haunt                    Necr/Summ      Unusable   N/A       N/A         7

Dungeon Overview and Level Annotations

Branches:
Dungeon (15/15)            Temple (0/1) D:5            Lair (5/5) D:8
  Swamp (4/4) Lair:2       Spider (0/4) Lair:2        Slime (0/5) Lair:5
    Orc (2/2) D:12            Elf (0/3) Orc:2        Vaults (0/5) D:13
 Depths (0/4) D:15         Bailey (visited)           IceCv (visited)
Gauntlet (visited)

Altars:
Fedhas
Okawaru
Trog
Wu Jian

Shops:
D:5 *   Orc:2 =!*?=

Annotations:
D:6 1 runed translucent door, Dittersdorf's ghost, novice GrFi
Orc:2 2 transporters, sunglassesatnite's ghost, journeyman MiBe


Innate Abilities, Weirdness & Mutations

You have a somewhat thin skeletal structure. (Dex +2, Stealth+)


Message History

Fire: O) +2 longbow (drain)
Press: ? - help, Q - select action, (/) - cycle Shift-Dir - straight line, f/p - vampire knight
Aim: a vampire knight, wielding a +1 dire flail of protection and wearing a +0 chain mail (heavily damaged, fast, constricted by zombie hands, 95% to hit)
You shoot an arrow. The arrow hits the vampire knight!
The vampire knight is heavily damaged.
The zombie hands constrict the vampire knight, but do no damage.
The vampire knight hits you with a +1 dire flail of protection!!
* * * LOW HITPOINT WARNING * * *
The vampire knight misses you.
The zombie hands constrict the vampire knight!
The vampire knight struggles to escape constriction. x2
You see here the +0 scale mail "Ados" {rF+ Str+4}.
Fire: O) +2 longbow (drain)
Press: ? - help, Q - select action, (/) - cycle Shift-Dir - straight line, f/p - vampire knight
Aim: a vampire knight, wielding a +1 dire flail of protection and wearing a +0 chain mail (severely damaged, fast, constricted by zombie hands, 95% to hit)
You shoot an arrow. The arrow hits the vampire knight!
The vampire knight is severely damaged.
The zombie hands constrict the vampire knight.
The vampire knight struggles to escape constriction.
Fire: O) +2 longbow (drain)
Press: ? - help, Q - select action, (/) - cycle Shift-Dir - straight line, f/p - vampire knight
Aim: a vampire knight, wielding a +1 dire flail of protection and wearing a +0 chain mail (almost destroyed, fast, constricted by zombie hands, 95% to hit)
You shoot an arrow.
The arrow completely misses the vampire knight.
The zombie hands constrict the vampire knight.
The zombie hands release their grip on the vampire knight.
Casting: Borgnjor's Vile Clutch (dangerous; 6% risk of failure)
Confirm with . or Enter, or press ? or * to list all spells.
Aiming: Borgnjor's Vile Clutch (dangerous; 6% risk of failure)
Press: ? - help, Shift-Dir - straight line, f/p - vampire knight
Aim: a vampire knight, wielding a +1 dire flail of protection and wearing a +0 chain mail (almost destroyed, fast, 100% to hit)
Zombie hands grab the vampire knight.
The zombie hands constrict the vampire knight.
The vampire knight hits you with a +1 dire flail of protection!
* * * LOW HITPOINT WARNING * * *
The vampire knight bites you.
* * * LOW HITPOINT WARNING * * *
The vampire knight draws strength from your injuries!
The vampire knight hits you with a +1 dire flail of protection!
You die...

♣.~.♣.♣.~.~..~
♣~~..~...~.(.
♣♣.÷)...~~.~.~
♣~....i....^.~ ♣♣♣♣
♣♣♣♣♣~~.~..{.~..~.
♣♣~)♣♣♣.~~~~÷.~♣#..?###♣
.
♣♣♣♣......§~)..~.♣###~†#
<.♣♣♣....~~.~~~..~~÷##
.~~.#
.§§~.~~.~÷~(~~@V..~#♣
~.~.~#
~♣♣.~~~.♣♣♣♣~~~~~~#♣
..~.~~~#
♣......♣.♣♣♣♣.~~##
~.§..~..~♣
♣~..♣♣~~~~..♣♣.~~♣
~.Z~~.~..~.
♣.~~^♣.~~~~♣♣♣.###
#.V♣#.#~♣♣~.
~~~~~~.~~~♣♣~.##
♣~~~~~~..♣♣♣###
♣~~~~...♣♣# ♣.§~...~.~#


You could see a vampire knight (fast, clutched).

Vanquished Creatures
  Bai Suzhen (Swamp:4)
  Jorgrun (D:13)
  Mlioglotl (Swamp:1)
  Rupert (D:12)
  Frances (D:12)
  Kirke (Lair:4)
  Agnes (D:14)
  3 orc warlords
  A vampire knight (Swamp:4)
  A hydra skeleton (Swamp:4)
  7 eleionomae
  A white draconian (IceCv)
  4 bunyips
  An ettin (D:15)
  Snorg (D:13)
  Harold (D:9)
  3 vault guards (D:13)
  Erolcha (D:13)
  A catoblepas (D:15)
  3 ghost crabs
  14 hydras
  2 spriggan air magi
  7 boulder beetles
  4 centaur warriors
  5 alligators
  2 two-headed ogres (D:13)
  A tengu warrior (D:15)
  8 death yaks
  An orc high priest (Orc:2)
  3 spriggan berserkers
  Sonja (D:13)
  3 skysharks (Lair:5)
  4 skeletal warriors (D:15)
  3 goliath frogs
  Lodul (D:11)
  5 swamp dragons
  4 spectral hydras (Swamp:4)
  4 spriggan druids
  2 lindwurms (Lair:3)
  A wizard (D:15)
  6 bog bodies
  2 deep trolls (D:15)
  6 orc knights
  Pikel (D:6)
  2 deep elf pyromancers
  A necromancer (D:15)
  12 ugly things
  A wolf spider (Lair:5)
  4 cyclopes
  5 orc sorcerers (Orc:2)
  4 will-o-the-wisps
  4 manticores
  11 elephants
  2 ice statues (IceCv)
  2 water nymphs (Swamp:2)
  7 black mambas
  A guardian serpent (Lair:5)
  A cane toad (shapeshifter) (D:13)
  21 cane toads
  Psyche (D:8)
  A torpor snail (Lair:1)
  4 gargoyles
  4 rime drakes
  2 unseen horrors (D:12)
  7 komodo dragons
  An efreet (D:12)
  3 freezing wraiths
  6 trolls
  A bloated husk (Swamp:3)
  A polar bear (Lair:5)
  A death drake zombie (Swamp:4)
  A tarantella (Lair:2)
  2 death drake skeletons (Swamp:4)
  5 dream sheep (Lair:2)
  10 tyrant leeches
  23 blink frogs
  9 hornets
  Sigmund (D:3)
  15 spriggans
  8 slime creatures
  2 vampires
  3 wraiths
  47 yaks
  19 wyverns
  2 basilisks
  A hog (Lair:4)
  3 humans (Lair:4)
  2 redbacks (Lair:5)
  18 vampire mosquitoes
  15 swamp worms
  4 wargs
  2 hydra simulacra (Swamp:4)
  2 acid dragons
  16 water moccasins
  9 swamp drakes
  3 ice beasts
  40 orc warriors
  A swamp dragon zombie (Swamp:4)
  2 sky beasts
  A black bear (Lair:1)
  A swamp dragon skeleton (Swamp:4)
  10 wolves
  14 ogres
  16 centaurs
  4 phantoms
  3 lemures
  3 kobold brigands
  11 bullfrogs
  2 gnoll sergeants
  5 scorpions
  A troll zombie (Swamp:4)
  3 wights (D:6)
  5 lindwurm simulacra (IceCv)
  16 killer bees
  3 howler monkeys (D:14)
  2 troll skeletons (Swamp:4)
  An electric eel (Lair:2)
  7 komodo dragon simulacra (IceCv)
  2 jellies
  5 hounds
  2 gnoll boudas
  16 orc priests
  2 sleepcaps
  Jessica (D:3)
  Natasha (twice) (D:2)
  3 iguanas
  11 orc wizards
  Ijyb (D:3)
  29 gnolls
  4 adders
  6 acid dragon simulacra (IceCv)
  A shadow imp (D:6)
  3 steam dragon simulacra (IceCv)
  2 ufetubi
  A worm (D:3)
  4 dart slugs
  79 orcs
  12 ball pythons
  4 endoplasms
  3 giant cockroaches
  21 goblins
  10 hobgoblins
  2 jackals (D:4)
  40 kobolds
  4 quokkas
  7 bats
  15 frilled lizards
  10 rats
910 creatures vanquished.

Vanquished Creatures (others)
  A rime drake (IceCv)
  A bloated husk (Swamp:4)
  A slime creature (D:12)
  4 foxfires (Swamp:1)
7 creatures vanquished.

Grand Total: 917 creatures vanquished

Notes
Turn   | Place    | Note
-------+----------+-------------------------------------------
     0 | D:1      | Midn8 the Deep Elf Hexslinger began the quest for the Orb.
     0 | D:1      | Reached XP level 1. HP: 11/11 MP: 5/5
    32 | D:1      | Reached skill level 3 in Ranged Weapons
   298 | D:1      | Reached XP level 2. HP: 16/16 MP: 6/6
   377 | D:1      | Reached skill level 4 in Ranged Weapons
  1116 | D:2      | Noticed Natasha
  1302 | D:2      | Reached XP level 3. HP: 19/20 MP: 5/7
  1304 | D:2      | Reached skill level 5 in Ranged Weapons
  1450 | D:2      | Reached XP level 4. HP: 24/24 MP: 6/8
  1461 | D:2      | Reached skill level 6 in Ranged Weapons
  1466 | D:2      | Killed Natasha
  1467 | D:2      | Reached skill level 1 in Fighting
  1710 | D:2      | Noticed Natasha
  1714 | D:2      | Killed Natasha
  1742 | D:2      | Reached XP level 5. HP: 12/30 MP: 6/9
  2443 | D:3      | Noticed Sigmund
  2460 | D:3      | Killed Sigmund
  2461 | D:3      | Reached skill level 5 in Hexes
  2461 | D:3      | Reached XP level 6. HP: 29/37 MP: 5/12
  2629 | D:3      | Noticed Jessica
  2649 | D:3      | Killed Jessica
  2713 | D:3      | Learned a level 3 spell: Inner Flame
  2728 | D:3      | Noticed Ijyb
  2754 | D:3      | Killed Ijyb
  2858 | D:3      | Found a bloodstained altar of Trog.
  3139 | D:3      | Reached skill level 1 in Fire Magic
  3211 | D:3      | Learned a level 4 spell: Cause Fear
  3661 | D:3      | Found an iron altar of Okawaru.
  3736 | D:3      | Became a worshipper of Warmaster Okawaru
  3777 | D:4      | Reached XP level 7. HP: 33/41 MP: 3/13
  4623 | D:4      | Reached skill level 7 in Ranged Weapons
  4838 | D:5      | Entered Level 5 of the Dungeon
  4883 | D:5      | Reached skill level 8 in Ranged Weapons
  4920 | D:5      | Reached * piety under Okawaru
  4921 | D:5      | Reached skill level 1 in Invocations
  4921 | D:5      | Reached XP level 8. HP: 46/46 MP: 7/14
  5027 | D:5      | Found a staircase to the Ecumenical Temple.
  5249 | D:5      | Got the Atlas of the Other Side
  5679 | D:5      | Reached skill level 5 in Fighting
  5950 | D:5      | Found Qili's Assorted Antiques.
  5958 | D:5      | Bought a scroll labelled VOSAF RUYSAF for 25 gold pieces
  6145 | D:6      | Reached XP level 9. HP: 54/54 MP: 10/15
  6194 | D:6      | Reached ** piety under Okawaru
  6292 | D:6      | Reached skill level 9 in Ranged Weapons
  6646 | D:6      | Reached skill level 10 in Ranged Weapons
  6710 | D:6      | Noticed Pikel
  6844 | D:6      | Found a runed translucent door.
  6865 | D:6      | Killed Pikel
  7121 | D:6      | Noticed Dittersdorf's ghost (novice GrFi)
  7307 | D:7      | Reached skill level 11 in Ranged Weapons
  7907 | D:7      | Reached skill level 12 in Ranged Weapons
  8126 | D:7      | Reached *** piety under Okawaru
  8847 | D:8      | Noticed Psyche
  8853 | D:8      | Killed Psyche
  8854 | D:8      | Reached XP level 10. HP: 55/60 MP: 11/16
  9214 | D:8      | Reached **** piety under Okawaru
  9495 | D:8      | Found a staircase to the Lair.
  9827 | D:8      | Noticed a deep elf pyromancer
  9853 | D:8      | Killed a deep elf pyromancer
  9854 | D:8      | Reached skill level 13 in Ranged Weapons
 10837 | D:9      | Reached skill level 14 in Ranged Weapons
 10956 | D:9      | Noticed Harold
 10971 | D:9      | Killed Harold
 10971 | D:9      | Reached ***** piety under Okawaru
 11350 | D:10     | Entered Level 10 of the Dungeon
 11385 | D:10     | Found a flagged portal.
 11390 | D:10     | Identified the +7 halberd "Ikhloshe" {drain, Str+2}
 11398 | Bailey   | Entered a bailey
 11413 | Bailey   | Noticed an orc warlord
 11793 | Bailey   | Found a runed translucent gate.
 11796 | Bailey   | Found a runed translucent gate.
 11801 | Bailey   | Found a runed translucent gate.
 11880 | Bailey   | Killed an orc warlord
 11881 | Bailey   | Reached XP level 11. HP: 29/67 MP: 3/18
 12054 | Bailey   | Acquired a +2 longbow of draining
 12088 | Bailey   | Got the Papyrus of Shadowy Transmigration
 12647 | D:10     | Received a gift from Okawaru
 12771 | Lair:1   | Entered Level 1 of the Lair of Beasts
 12840 | Lair:1   | Reached skill level 15 in Ranged Weapons
 12916 | Lair:1   | Found a bloodstained altar of Trog.
 12927 | Lair:1   | Learned a level 3 spell: Swiftness
 13229 | Lair:1   | Reached skill level 16 in Ranged Weapons
 13238 | Lair:1   | Reached skill level 1 in Air Magic
 13666 | Lair:1   | Identified the +0 ring mail "Luifiorph" {Rampage} (Okawaru
                  | gifted it to you on level 1 of the Lair of Beasts)
 13666 | Lair:1   | Received a gift from Okawaru
 13672 | Lair:1   | Reached skill level 10 in Dodging
 13926 | Lair:1   | Reached ****** piety under Okawaru
 14235 | Lair:2   | Reached skill level 5 in Invocations
 14414 | Lair:2   | Reached XP level 12. HP: 72/72 MP: 12/19
 14509 | Lair:2   | Found a hole to the Spider Nest.
 14926 | Lair:2   | Received a gift from Okawaru
 15362 | Lair:2   | Found a staircase to the Swamp.
 15469 | Lair:2   | Reached skill level 5 in Spellcasting
 15494 | Lair:2   | Learned a level 3 spell: Portal Projectile
 15856 | Lair:3   | Noticed a six-headed hydra
 15874 | Lair:3   | Killed a six-headed hydra
 16500 | Lair:3   | Reached XP level 13. HP: 62/80 MP: 22/22
 16631 | Lair:3   | Found a blossoming altar of Fedhas.
 17233 | Lair:3   | Identified the +5 shortbow "Zonah" {flame, rPois rN+}
                  | (Okawaru gifted it to you on level 3 of the Lair of Beasts)
 17233 | Lair:3   | Received a gift from Okawaru
 17617 | Lair:4   | Noticed Kirke
 17629 | Lair:4   | Killed Kirke
 18084 | Lair:3   | Reached skill level 17 in Ranged Weapons
 18183 | Lair:4   | Identified the +1 pair of boots of the Old and Reckless
                  | {Stlth+} (Okawaru gifted it to you on level 4 of the Lair
                  | of Beasts)
 18183 | Lair:4   | Received a gift from Okawaru
 18695 | Lair:5   | Entered Level 5 of the Lair of Beasts
 18695 | Lair:5   | Found a gate leading to a gauntlet.
 18713 | Gauntlet | Entered a Gauntlet
 18713 | Gauntlet | Found a transporter.
 18713 | Gauntlet | Found a transporter.
 18713 | Gauntlet | Found a runed translucent door.
 18713 | Gauntlet | Found a runed translucent door.
 18751 | Gauntlet | Found a transporter.
 18753 | Gauntlet | Found a transporter.
 18753 | Gauntlet | Found a transporter.
 18756 | Gauntlet | Found a transporter.
 18789 | Gauntlet | Found a transporter.
 18789 | Gauntlet | Found a transporter.
 18790 | Gauntlet | Found a transporter.
 18803 | Gauntlet | Found a transporter.
 18816 | Gauntlet | Found a runed translucent gate.
 18817 | Gauntlet | Found a transporter.
 18817 | Gauntlet | Found a runed translucent gate.
 18818 | Gauntlet | Found a runed translucent gate.
 18830 | Gauntlet | Found a transporter.
 18833 | Gauntlet | Found a transporter.
 18867 | Gauntlet | Found a transporter.
 18973 | Lair:5   | Reached skill level 18 in Ranged Weapons
 18982 | Lair:5   | Learned a level 5 spell: Borgnjor's Vile Clutch
 18985 | Lair:5   | Reached skill level 1 in Necromancy
 18985 | Lair:5   | Reached skill level 1 in Earth Magic
 19185 | Lair:5   | Identified the +5 chain mail "Orecet" {Int+4} (Okawaru
                  | gifted it to you on level 5 of the Lair of Beasts)
 19185 | Lair:5   | Received a gift from Okawaru
 19207 | Lair:5   | Reached skill level 5 in Necromancy
 19300 | Lair:5   | Reached skill level 5 in Earth Magic
 19334 | Lair:5   | Reached XP level 14. HP: 86/86 MP: 23/23
 19880 | Lair:5   | Found a staircase to the Slime Pits.
 20078 | Lair:5   | Received a gift from Okawaru
 20428 | D:11     | Noticed Lodul
 20938 | D:11     | Killed Lodul
 21326 | D:12     | Found a frozen archway.
 21350 | IceCv    | Entered an ice cave
 21796 | IceCv    | Identified the ring "Jeumpa" {rC+ rCorr Str-3 Int+6 Dex+4}
 21894 | IceCv    | Reached skill level 19 in Ranged Weapons
 22412 | D:12     | Identified the +4 shortbow of Arrival {antimagic, Fragile
                  | rC+ rN++} (Okawaru gifted it to you on level 12 of the
                  | Dungeon)
 22412 | D:12     | Received a gift from Okawaru
 22683 | D:12     | Noticed Rupert
 22695 | D:12     | Killed Rupert
 22781 | D:12     | Found a staircase to the Orcish Mines.
 23070 | D:12     | Noticed Frances
 23112 | D:12     | Killed Frances
 23112 | D:12     | Identified the +0 ring mail "Zoduin" {Harm Slay+3 Stlth+}
                  | (Okawaru gifted it to you on level 12 of the Dungeon)
 23112 | D:12     | Received a gift from Okawaru
 23113 | D:12     | Reached skill level 20 in Ranged Weapons
 23113 | D:12     | Reached skill level 1 in Evocations
 23306 | Orc:1    | Entered Level 1 of the Orcish Mines
 23315 | Orc:1    | Noticed an orc warlord
 23390 | D:12     | Killed an orc warlord
 23665 | Orc:2    | Entered Level 2 of the Orcish Mines
 23715 | Orc:2    | Found Beumoe's Jewellery Emporium.
 23987 | Orc:2    | Reached skill level 5 in Evocations
 23987 | Orc:2    | Found a staircase to the Elven Halls.
 23993 | Orc:2    | Reached XP level 15. HP: 90/90 MP: 26/26
 24167 | Orc:2    | Found Madepn's General Store.
 24167 | Orc:2    | Found Yselud's Distillery.
 24169 | Orc:2    | Found Cagy's Jewellery Shoppe.
 24173 | Orc:2    | Found Imijatoe's Magic Scroll Boutique.
 24205 | Orc:2    | Bought a potion of curing for 48 gold pieces
 24205 | Orc:2    | Bought a potion of haste for 160 gold pieces
 24205 | Orc:2    | Bought a potion of curing for 48 gold pieces
 24205 | Orc:2    | Bought a potion of degeneration for 16 gold pieces
 24205 | Orc:2    | Bought a potion of resistance for 160 gold pieces
 24206 | Orc:2    | Bought a potion of curing for 48 gold pieces
 24208 | Orc:2    | Bought a scroll of identify for 22 gold pieces
 24208 | Orc:2    | Bought a scroll of teleportation for 33 gold pieces
 24208 | Orc:2    | Bought a scroll of fog for 44 gold pieces
 24208 | Orc:2    | Bought a scroll of amnesia for 44 gold pieces
 24223 | Orc:2    | Found a transporter.
 24240 | Orc:2    | Noticed sunglassesatnite's ghost (journeyman MiBe)
 24242 | Orc:2    | Identified the +7 dire flail of the Mashing Gods {holy,
                  | *Rage rElec rPois rC-}
 24242 | Orc:2    | Identified the +8 giant spiked club of Revolt {flame,
                  | Int+3}
 24252 | Orc:2    | Found a transporter.
 24271 | Orc:2    | Received a gift from Okawaru
 24886 | D:13     | Noticed Jorgrun
 24917 | D:13     | Killed Jorgrun
 25004 | D:13     | Found a gate to the Vaults.
 25100 | D:13     | Noticed Sonja
 25106 | D:13     | Killed Sonja
 25107 | D:13     | Reached skill level 10 in Necromancy
 25243 | D:13     | Identified the +2 helmet of Voerhuoh {Dex+4} (Okawaru
                  | gifted it to you on level 13 of the Dungeon)
 25243 | D:13     | Received a gift from Okawaru
 25380 | D:13     | Noticed Erolcha
 25388 | D:13     | Killed Erolcha
 25489 | D:13     | Noticed Snorg
 25495 | D:13     | Killed Snorg
 25503 | D:13     | Reached skill level 10 in Fighting
 26167 | D:14     | Noticed Agnes
 26184 | D:14     | Killed Agnes
 26701 | D:15     | Entered Level 15 of the Dungeon
 26798 | D:15     | Reached skill level 15 in Dodging
 26888 | D:15     | Found a staircase to the Depths.
 26912 | D:15     | Received a gift from Okawaru
 26913 | D:15     | Reached skill level 1 in Armour
 27042 | D:15     | Gained mutation: You have a somewhat thin skeletal
                  | structure. (Dex +2, Stealth+) [potion of mutation]
 27609 | D:15     | Found an ornate altar of the Wu Jian Council.
 28178 | Swamp:1  | Entered Level 1 of the Swamp
 28191 | Swamp:1  | Reached XP level 16. HP: 100/100 MP: 27/27
 28225 | Swamp:1  | Noticed Mlioglotl
 28240 | Swamp:1  | Killed Mlioglotl
 28241 | Swamp:1  | Reached skill level 5 in Armour
 28758 | Swamp:1  | Identified the +2 cloak "Mefeypob" {Str+2} (Okawaru gifted
                  | it to you on level 1 of the Swamp)
 28758 | Swamp:1  | Received a gift from Okawaru
 29953 | Swamp:2  | Reached skill level 10 in Invocations
 30083 | Swamp:3  | Identified the +1 leather armour "Ryapta Pida" {Str+2}
 30131 | Swamp:3  | Identified the +0 animal skin of the Game of Kings {rC+
                  | MP-9 Int+8} (Okawaru gifted it to you on level 3 of the
                  | Swamp)
 30131 | Swamp:3  | Received a gift from Okawaru
 30325 | Swamp:3  | Identified the +0 robe of Dice, Bag, and Bottle {rPois
                  | Int-5 Dex+5 Slay+4}
 30621 | Swamp:4  | Entered Level 4 of the Swamp
 30929 | Swamp:4  | Noticed Bai Suzhen
 30942 | Swamp:4  | Killed Bai Suzhen
 31390 | Swamp:4  | Reached XP level 17. HP: 108/108 MP: 6/31
 31539 | Swamp:4  | Paralysed by something for 3 turns
 31566 | Swamp:4  | Identified the +0 scale mail "Ados" {rF+ Str+4} (Okawaru
                  | gifted it to you on level 4 of the Swamp)
 31566 | Swamp:4  | Received a gift from Okawaru
 31651 | Swamp:4  | Mangled by a vampire knight

Illustrated notes

Levels and vault maps discovered:
D:1:      dpeg_arrival_another_circle, layout_basic, minmay_tall_x
D:2:      layout_basic, glass_columns_a, minmay_vboxes, uniq_natasha
D:3:      minmay_spotlight, layout_basic, okawaru_altar_gauntlet_db,
          trog_antimagical, chequers_serial_rivers_large_b, uniq_sigmund,
          uniq_jessica, uniq_ijyb
D:4:      layout_rooms, st_stairs_11, minmay_misc_feat_diagonals,
          minmay_lizard_king
D:5:      layout_rooms, minmay_temple_entry_tees, serial_shops, shop,
          minmay_diced_spiral
D:6:      layout_cave_pools, ebering_ghost_sewer_d, uniq_pikel
D:7:      layout_loops_corners
D:8:      layout_cave_pods, lair_entry_dummy, guppyfry_early_elven_hall,
          uniq_psyche, uniq_maurice
D:9:      layout_stronghold, uniq_harold
D:10:     layout_roguey, enter_bailey_2, grunt_decor_one_mirror
D:11:     layout_cave_pods, uniq_lodul
D:12:     minmay_general_purpose_star, layout_small_grid, david_orc_5,
          portal_ice_cave_entry_pillars_2, uniq_frances, uniq_rupert
D:13:     layout_stronghold, lightli_vaults_fourway_checkpoint, uniq_erolcha,
          uniq_snorg, uniq_jorgrun, uniq_sonja
D:14:     layout_basic, hangedman_decor_points, uniq_agnes
D:15:     hangedman_depths_entry_civil_slaughter, layout_basic,
          nzn_wu_jian_council_hall
Lair:1:   layout_layer_cave, basic_altar, grunt_megastairs_5
Lair:2:   layout_gridlike, nicolae_swamp_entry_splash_gauntlet,
          spider_nest_entry_rubble
Lair:3:   layout_small_grid, lemuel_centaur_altar
Lair:4:   layout_loops_ring, chequers_serial_rivers_micro_d,
          hibernation_bobbens, uniq_kirke
Lair:5:   hangedman_lair_tendril_chambers, layout_cave_shapes,
          minmay_slime_entry_pillars, gauntlet_entry_generic
Swamp:1:  nicolae_swamp_secret_spriggan_hideout, layout_falls_marsh,
          evilmike_swamp_ruin_wall, uniq_mlioglotl
Swamp:2:  layout_basic_swamp, evilmike_swamp_ruin_house_4,
          nicolae_swamp_nymph_family_reunion
Swamp:3:  layout_basic_swamp, evilmike_swamp_ruin_rubble_2,
          infiniplex_staircase_pool_2
Swamp:4:  byrel_swamp_growth_death_and_undeath, layout_basic_swamp,
          cheibrodos_swamp_minitomb, uniq_bai_suzhen
Orc:1:    layout_caves, serial_shops
Orc:2:    st_orc_rangers, layout_diamond_mine, gammafunk_ghost_smash,
          serial_shops, nicolae_shop_statue_plus

Skill      XL: |  1  2  3  4  5  6  7  8  9 10 11 12 13 14 15 16 |
---------------+-------------------------------------------------+-----
Ranged Weapons | 3 4 5 6 8 12 14 16 18 20 | 20.0
Fighting       | 2 3 5 6 7 9 11 13 | 13.3
Spellcasting   | 3 5 6 8 |  8.0
Hexes          | 5 6 7 8 |  8.0
Fire Magic     | 3 |  3.0
Dodging        | 4 6 9 11 13 14 15 | 15.0
Invocations    | 1 4 5 8 10 | 10.0
Air Magic      | 4 |  4.0
Necromancy     | 5 9 10 | 10.0
Earth Magic    | 5 7 8 |  8.0
Evocations     | 5 6 |  6.0
Armour         | 4 6 |  6.5

Action                     |  1- 3 |  4- 6 |  7- 9 | 10-12 | 13-15 | 16-18 || total
---------------------------+-------+-------+-------+-------+-------+-------++-------
   Fire: Sling             |    95 |   193 |   328 |       |       |       ||   616
         Shortbow          |       |       |    87 |   264 |       |       ||   351
         Longbow           |       |       |       |   471 |  1523 |   595 ||  2589
   Cast: Slow              |     4 |    23 |    61 |     4 |       |       ||    92
         Inner Flame       |       |     6 |    50 |    39 |    23 |     2 ||   120
         Cause Fear        |       |       |    15 |    42 |    20 |     7 ||    84
         Portal Projectile |       |       |       |     4 |     2 |     4 ||    10
         Borgnjor's Vile C |       |       |       |       |    34 |    28 ||    62
 Invoke: Heroism           |       |       |     1 |     2 |    10 |     6 ||    19
         Finesse           |       |       |       |     1 |     2 |     3 ||     6
  Evoke: Wand              |       |       |       |     2 |     2 |       ||     4
    Use: Scroll            |       |     1 |    13 |    13 |     9 |     3 ||    39
         Potion            |       |       |       |     2 |     1 |       ||     3
 Armour: Robe              |     6 |    15 |    19 |    47 |    26 |       ||   113
         Troll leather arm |       |       |       |       |    59 |    77 ||   136
  Dodge: Dodged            |    26 |    41 |   129 |   167 |   485 |   267 ||  1115

Table legend: (Time is in decaauts)
 A = Elapsed time spent in this place.
 B = Non-inter-level travel time spent in this place.
 C = Inter-level travel time spent in this place.
 D = Time resting spent in this place.
 E = Time spent auto-exploring this place.
 F = Levels seen in this place.
 G = Mean time per level.
                   A        B        C        D        E       F      G
               +--------+--------+--------+--------+--------+-----+--------+
         Total |  31383 |  29813 |   1570 |   7688 |  15257 |  29 | 1082.2 |
       Dungeon |  17670 |  16713 |    957 |   4185 |   9084 |  15 | 1178.0 |
          Lair |   7283 |   6870 |    413 |   1846 |   3557 |   5 | 1456.6 |
         Swamp |   3537 |   3438 |     99 |    901 |   1582 |   4 |  884.2 |
  Orcish Mines |   1334 |   1235 |     99 |    180 |    673 |   2 |  667.0 |
        Bailey |    700 |    700 |      0 |    317 |    100 |   1 |  700.0 |
      Ice Cave |    658 |    658 |      0 |    225 |    124 |   1 |  658.0 |
      Gauntlet |    197 |    197 |      0 |     32 |    134 |   1 |  197.0 |
               +--------+--------+--------+--------+--------+-----+--------+

Top non-repeatable levels by time:
  Lair:2: 1981 daAuts
     D:3: 1897 daAuts
    D:12: 1607 daAuts
     D:7: 1601 daAuts
  Lair:3: 1558 daAuts
  Lair:1: 1444 daAuts
     D:9: 1338 daAuts
     D:4: 1325 daAuts
     D:8: 1290 daAuts
    D:15: 1241 daAuts
  Lair:5: 1239 daAuts
   Orc:2: 1126 daAuts
     D:2: 1079 daAuts
     D:6: 1073 daAuts
    D:13: 1062 daAuts
